 Dungeon Crawl Stone Soup version 0.28.0 (webtiles) character file.

Game seed: 4474230319880526998

520 Armakuni the Skirmisher (level 7, -11/54 HPs)
             Began as a Vampire Fire Elementalist on Feb 11, 2022.
             Killed from afar by an orc (35 damage)
             ... with a bolt of acid
             ... on level 5 of the Dungeon.
             The game lasted 00:15:09 (4614 turns).

Armakuni the Skirmisher (Vampire Fire Elementalist) Turns: 4614, Time: 00:15:10

Health: -11/54     AC:  1    Str:  9    XL:     7   Next: 1%
Magic:  19/19      EV: 12    Int: 17    God:
Gold:   198        SH:  0    Dex: 15    Spells: 3/10 levels left

rFire   . . .      SeeInvis +   a - +4 hand axe (elec)
rCold   . . .      Faith    .   (no shield)
rNeg    . . .      Spirit   .   d - +0 robe
rPois   .          Reflect  .   (no helmet)
rElec   .          Harm     .   (no cloak)
rCorr   .          Rampage  .   c - +2 pair of gloves
Will    .....                   (no boots)
Stlth   ++........              (no amulet)
HPRegen 0.38/turn               P - ring of magical power
MPRegen 0.16/turn               W - ring of wizardry

@: corroded, healing quickly
A: alive, fangs 3, see invisible, vampiric 2
a: Exsanguinate


You were on level 5 of the Dungeon.
You visited 1 branch of the dungeon, and saw 5 of its levels.

You collected 198 gold pieces.

Inventory:

Hand Weapons
 a - a +4 hand axe of electrocution (weapon)
 i - the +4 hand axe of the Smoking Fox {vorpal, rF+}
   (You found it on level 4 of the Dungeon)

   It inflicts extra damage upon your enemies.
   rF:        It protects you from fire.
Missiles
 h - 8 poisoned darts
 t - a throwing net
Armour
 c - a +2 pair of gloves (worn)
 d - a +0 robe (worn)
 f - a +0 ring mail
Magical Staves
 b - a staff of cold
Jewellery
 P - a ring of magical power (left hand)
 W - a ring of wizardry (right hand)
Scrolls
 g - 2 scrolls of identify
 j - a scroll of enchant weapon
 k - a scroll of amnesia
 m - a scroll of immolation
 p - a scroll of holy word {unknown}
 q - a scroll of teleportation {unknown}
 r - a scroll of noise {unknown}
 u - a scroll of enchant armour {unknown}
Potions
 e - a potion of lignification
 l - a potion of resistance
 n - 3 potions of curing
 o - a potion of invisibility {unknown}
 s - 2 potions of flight {unknown}
 v - a potion of attraction {unknown}
 w - a potion of mutation {unknown}


   Skills:
 - Level 4.0 Fighting
 + Level 3.1 Staves
 - Level 2.1 Dodging
 - Level 3.0 Stealth
 - Level 2.0 Spellcasting
 - Level 0.6 Conjurations
 - Level 2.4 Fire Magic
 + Level 3.8 Ice Magic


You had 3 spell levels left.
You knew the following spells:

 Your Spells              Type           Power      Damage    Failure   Level
c - Freezing Cloud        Conj/Ice/Air   3%         6-21      71%         5
s - Scorch                Fire           18%        2d5       4%          2

Your spell library contained the following spells:

 Spells                   Type           Power      Damage    Failure   Level
 Foxfire                  Conj/Fire      24%        2x1d5     4%          1
 Corpse Rot               Necr/Air       2%         N/A       12%         2
 Poisonous Vapours        Pois/Air       2%         N/A       12%         2
 Conjure Flame            Conj/Fire      6%         6-21      12%         3
 Inner Flame              Hex/Fire       5%         N/A       14%         3
 Ignite Poison            Fire/Tmut/Pois 4%         N/A       16%         3
 Mephitic Cloud           Conj/Pois/Air  2%         N/A       21%         3
 Flame Wave               Conj/Fire      6%         2d5       38%         4
 Summon Cactus Giant      Summ           0%         N/A       100%        6


Dungeon Overview and Level Annotations

Branches:
Dungeon (5/15)
 Temple: D:4-7

Altars:
Qazlal


Innate Abilities, Weirdness & Mutations

Your natural rate of healing is accelerated.
You have razor-sharp teeth.
You have supernaturally acute eyesight. (SInv)
You are afflicted with vampirism and can become a bat while bloodless.


Message History

Press: ? - help, Q - select action, (/) - cycle Dir - look around, f - activate Flames lash the jelly.
The jelly is moderately wounded.
The jelly's fire resistance burns away.
Casting: Scorch (safe; 4% risk of failure)
Press: ? - help, Q - select action, (/) - cycle Dir - look around, f - activate Flames lash the jelly.
The jelly is burned terribly!
The jelly is almost dead.
Casting: Scorch (safe; 4% risk of failure)
Press: ? - help, Q - select action, (/) - cycle Dir - look around, f - activate Flames lash the jelly.
The jelly is burned terribly!
You kill the jelly!
Training target 4.0 for Fighting reached!
Your Fighting skill increases to level 4!
You have reached level 7!
Unknown command.
Unknown command.
Unknown command.
You start resting.
Unknown command.
You start resting.
Unknown command.
Unknown command.
Magic restored.
Found a leather armour.
An orc is nearby!
An orc comes into view. It is wielding a +0 flail.
You see here 8 gold pieces.
A quokka comes into view.
There are no items here.
The orc shouts!
You see here 8 gold pieces.
You now have 198 gold pieces (gained 8).
The orc zaps a wand.
The bolt of acid hits you!!
Ouch! That really hurt!
The acid corrodes you!
You aren't carrying any items that you can evoke.
The orc zaps a wand.
The bolt of acid hits you!!
Ouch! That really hurt!
You die...

#...>...#......#...
#......##..........
#####..#....#.##.......
##......#.##....#.......
#.....)...#.......#.....
#......#.)..............
###....#.....#.....##.
##...##.######..##
#.......###.@...###
##.#....#.......)...
..#.............##..
#........or.....##
...#..#...>.....#
#...#.....#........
##...(....#....#....
.............##....
...o........# ...


You could see an orc and a quokka.

Vanquished Creatures
  2 ogres
  A scorpion (D:4)
  A howler monkey (D:4)
  A jelly (D:5)
  A hound skeleton (D:4)
  8 adders
  4 gnolls
  A shadow imp (D:3)
  An adder skeleton (D:4)
  A worm (D:4)
  A dart slug (D:4)
  9 orcs
  6 endoplasms
  6 giant cockroaches
  7 hobgoblins
  4 jackals (D:1)
  3 quokkas (D:2)
  4 ball pythons
  5 bats
  4 frilled lizards (D:1)
  6 goblins
  7 kobolds
  2 rats
85 creatures vanquished.

Vanquished Creatures (others)
  99 foxfires
99 creatures vanquished.

Grand Total: 184 creatures vanquished

Notes
Turn   | Place    | Note
-------+----------+-------------------------------------------
     0 | D:1      | Armakuni the Vampire Fire Elementalist began the quest for
                  | the Orb.
     0 | D:1      | Reached XP level 1. HP: 13/13 MP: 3/3
   134 | D:1      | Reached skill level 1 in Fighting
   260 | D:1      | Reached XP level 2. HP: 16/21 MP: 1/5
  1060 | D:1      | Reached skill level 2 in Fighting
  1101 | D:1      | Noticed a great orb of eyes
  1103 | D:1      | Found a faded altar of an unknown god.
  1107 | D:1      | Noticed an eye of devastation
  1117 | D:1      | Noticed a golden eye
  1132 | D:1      | Noticed a golden eye
  1327 | D:2      | Gained mutation: You are afflicted with vampirism and can
                  | become a bat while bloodless. [Vampire growth]
  1327 | D:2      | Reached XP level 3. HP: 27/27 MP: 2/6
  1483 | D:2      | Reached skill level 1 in Staves
  1483 | D:2      | Reached skill level 1 in Ice Magic
  1569 | D:2      | Reached XP level 4. HP: 34/34 MP: 4/7
  1998 | D:2      | Learned a level 2 spell: Scorch
  2513 | D:3      | Found a stormy altar of Qazlal.
  3184 | D:4      | Reached XP level 5. HP: 40/40 MP: 8/8
  3342 | D:4      | Reached skill level 3 in Fighting
  3349 | D:4      | Learned a level 5 spell: Freezing Cloud
  3355 | D:4      | Identified the +4 hand axe of the Smoking Fox {vorpal, rF+}
  3443 | D:4      | Noticed an ogre
  3449 | D:4      | Killed an ogre
  3450 | D:4      | Reached XP level 6. HP: 47/47 MP: 9/9
  4231 | D:5      | Entered Level 5 of the Dungeon
  4545 | D:5      | Reached skill level 4 in Fighting
  4545 | D:5      | Reached XP level 7. HP: 54/54 MP: 10/10
  4614 | D:5      | Killed from afar by an orc

Illustrated notes

Levels and vault maps discovered:
D:1:      lightli_arrival_chessboard, layout_basic,
          hellmonk_ecumenical_altar_watching_god, roderic_lattice_a,
          kennysheep_pointless_box
D:2:      minmay_general_purpose_star, layout_basic
D:3:      layout_loops_ring, grunt_qazlal_sundering
D:4:      layout_loops_ring
D:5:      layout_cave_pools, nicolae_overflow_squiral, uniq_duvessa

Skill      XL: |  1  2  3  4  5  6 |
---------------+-------------------+-----
Fighting       | 1 2 3 4 |  4.0
Staves         | 1 2 3 |  3.1
Ice Magic      | 1 2 3 |  3.8
Dodging        | |  2.1
Stealth        | |  3.0
Spellcasting   | |  2.0
Conjurations   | |  0.6
Fire Magic     | |  2.4

Action                   |  1- 3 |  4- 6 |  7- 9 || total
-------------------------+-------+-------+-------++-------
Melee: Unarmed           |    10 |       |       ||    10
       Bite              |     5 |     3 |       ||     8
       Dagger            |    37 |    26 |       ||    63
       Hand axe          |       |    19 |       ||    19
 Cast: Foxfire           |    42 |    14 |       ||    56
       Scorch            |       |    77 |       ||    77
  Use: Scroll            |     4 |     5 |       ||     9
       Potion            |       |     1 |       ||     1
 Stab: Sleeping          |     5 |     3 |       ||     8
Armor: Robe              |     7 |    15 |       ||    22
Dodge: Dodged            |    31 |    60 |       ||    91
